 Dungeon Crawl Stone Soup version 0.23-a0-577-g2b1de94 (webtiles) character file.

48 Leeroy the Charmwright (level 3, -1/28 HPs)
             Began as a Merfolk Skald on Dec 14, 2018.
             Slain by an adder (3 damage)
             ... on level 2 of the Dungeon.
             The game lasted 00:03:59 (775 turns).

Leeroy the Charmwright (Merfolk Skald)               Turns: 775, Time: 00:04:00

Health: -1/28      AC: 11    Str: 12    XL:     3   Next: 72%
Magic:  6/6        EV:  3    Int: 12    God:
Gold:   148        SH:  0    Dex: 13    Spells: 0/6 levels left

rFire    . . .     SeeInvis .   a - +0 falchion
rCold    . . .     Gourm    .   (no shield)
rNeg     . . .     Faith    .   m - +0 plate armour
rPois    .         Spirit   .   (no helmet)
rElec    .         Reflect  .   (no cloak)
rCorr    .         Harm     .   (no gloves)
MR       .....                  l - +0 pair of boots
Stlth    ..........             (no amulet)
HPRegen  0.09/turn              (no ring)
MPRegen  0.10/turn              (no ring)

@: lethally poisoned (-1 -> -4)
A: change form in water, swift swim, stealthy swim
a: no special abilities


You were on level 2 of the Dungeon.
You were not hungry.

You visited 1 branch of the dungeon, and saw 2 of its levels.

You collected 148 gold pieces.

Inventory:

Hand Weapons
 a - a +0 falchion (weapon)
 e - a +0 short sword
 k - a +0 dagger
Missiles
 g - 12 bolts
 h - 69 stones (quivered)
 j - 14 poisoned needles
 n - 22 arrows
Armour
 b - a +0 leather armour
 l - a +0 pair of boots (worn)
 m - a +0 plate armour (worn)
Scrolls
 c - a scroll of teleportation {unknown}
 i - a scroll of blinking {unknown}
Potions
 o - a potion of brilliance {unknown}
 p - a potion of berserk rage {unknown}
Comestibles
 d - a ration
 f - 2 chunks of flesh


   Skills:
 + Level 2.3 Fighting
 * Level 3.0 Long Blades
 + Level 0.6 Armour
 + Level 2.8 Dodging
 * Level 0.8 Stealth
 + Level 2.1 Spellcasting
 + Level 4.0 Charms


You couldn't memorise any spells.
You knew the following spells:

 Your Spells              Type           Power        Failure   Level  Hunger
a - Infusion              Chrm           ##..         100%        1    ##.....
b - Shroud of Golubria    Chrm/Tloc      #.........   100%        2    ###....
c - Spectral Weapon       Hex/Chrm       #.......     100%        3    ####...

Your spell library contained the following spells:

 Spells                   Type           Power        Failure   Level  Hunger
 Song of Slaying          Chrm           ##......     100%        2    ###....
 Regeneration             Chrm/Necr      #.........   100%        3    ####...


Dungeon Overview and Level Annotations

Branches:
Dungeon (2/15)

Altars:


Message History

You feel sick. The adder bites you.
* * * LOW HITPOINT WARNING * * *
You closely miss the adder.
The adder is almost dead.
The adder bites you but does no damage. x2
Your plate armour prevents you from hitting the adder.
The adder is almost dead.
The adder bites you but does no damage.
Your plate armour prevents you from hitting the adder.
The adder is almost dead.
* * * LOW HITPOINT WARNING * * *
You feel sick. The adder bites you but does no damage. The adder bites you.
* * * LOW HITPOINT WARNING * * *
You closely miss the adder.
The adder is almost dead.
The adder bites you but does no damage.
Your plate armour prevents you from hitting the adder.
The adder is almost dead.
The adder bites you.
You die...

### ... #.. #.# #.# #S#
....... .# #@#
#.......#.# #.#
#.........# #.#
#.......#.## #.#
#..........##
#.####............
#.##............##
#.##.#####........
######................#
...........######......#


You could see an adder.

Vanquished Creatures
  An adder (D:2)
  2 leopard geckos (D:1)
  6 bats
  3 giant cockroaches (D:1)
  5 goblins (D:1)
  A hobgoblin (D:1)
  4 jackals (D:2)
  2 frilled lizards (D:1)
  4 kobolds (D:1)
  7 rats
35 creatures vanquished.

Notes
Turn   | Place    | Note
-------+----------+-------------------------------------------
     0 | D:1      | Leeroy the Merfolk Skald began the quest for the Orb.
     0 | D:1      | Reached XP level 1. HP: 16/16 MP: 3/3
    57 | D:1      | Reached XP level 2. HP: 13/22 MP: 0/5
    69 | D:1      | Learned a level 2 spell: Shroud of Golubria
   435 | D:1      | Reached XP level 3. HP: 26/27 MP: 6/6
   477 | D:1      | Learned a level 3 spell: Spectral Weapon
   665 | D:2      | Reached skill level 4 in Charms
   775 | D:2      | Slain by an adder

Vault maps used:
D:1:      eino_arrival_cavern_a, minmay_misc_feat_tiny
D:2:      overflow_temple_1_default, grunt_ministairs_1

Skill      XL: |  1  2  3 |
---------------+----------+-----
Long Blades    | 3 |  3.0
Charms         | 4 |  4.0
Fighting       | |  2.3
Armour         | |  0.6
Dodging        | |  2.8
Stealth        | |  0.8
Spellcasting   | |  2.1

Action                   || total
-------------------------++-------
Melee: Falchion          ||   150
Throw: Stone             ||     4
 Cast: Infusion          ||     1
Armor: Leather armour    ||    16
       Plate armour      ||   113
Dodge: Dodged            ||    49
       Rpst.: Falchion   ||    12

Table legend:
 A = Non-vault XP
 B = Vault XP
 C = Vault XP percentage of total XP
 D = Non-vault monster count
 E = Vault monster count
 F = Vault count percentage of total count
                 A         B        C        D         E       F
            +---------+---------+-------+---------+---------+-------
      Total |      69 |       0 |   0.0 |      35 |       0 |   0.0
            +---------+---------+-------+---------+---------+-------
        D:1 |      45 |       0 |   0.0 |      28 |       0 |   0.0
        D:2 |      24 |       0 |   0.0 |       7 |       0 |   0.0
            +---------+---------+-------+---------+---------+-------
